 Dungeon Crawl Stone Soup version 0.23.2-1-ga50397a (webtiles) character file.

Game seed: 16428291726219436102

74 d3adstar the Chopper (level 4, 0/36 HPs)
             Began as a Centaur Gladiator on May 25, 2019.
             Slain by an adder (2 damage)
             ... on level 2 of the Dungeon.
             The game lasted 00:10:53 (748 turns).

d3adstar the Chopper (Centaur Gladiator)             Turns: 748, Time: 00:10:54

Health: 0/36       AC:  7    Str: 17    XL:     4   Next: 9%
Magic:  4/4        EV:  8    Int:  8    God:
Gold:   84         SH:  0    Dex: 10    Spells: 3/3 levels left

rFire    . . .     SeeInvis .   o - +0 whip
rCold    . . .     Gourm    .   (no shield)
rNeg     . . .     Faith    .   d - +0 scale mail
rPois    .         Spirit   .   c - +0 helmet
rElec    .         Reflect  .   (no cloak)
rCorr    .         Harm     .   (no gloves)
MR       .....                  (no barding)
Stlth    ..........             (no amulet)
HPRegen  0.12/turn              h - ring of wizardry
MPRegen  0.09/turn              (no ring)

@: lethally poisoned (0 -> -3), very quick
A: large, hooves 3, deformed body, speed 2, tough skin 3
a: no special abilities


You were on level 2 of the Dungeon.
You were not hungry.

You visited 1 branch of the dungeon, and saw 2 of its levels.

You collected 84 gold pieces.

Inventory:

Hand Weapons
 a - a +0 war axe
 k - a +0 spear
 n - a +0 dagger
 o - a +0 whip (weapon)
 p - a +0 club
 q - a +0 dagger
 s - a +0 dagger
 u - a +0 short sword
 w - a +0 dagger
 x - a +0 hand axe
 y - a +0 hunting sling
 B - a +2 vampiric dagger
Missiles
 m - 29 stones (quivered)
Armour
 b - a +0 leather armour
 c - a +0 helmet (worn)
 d - a +0 scale mail (worn)
 e - a +0 robe
 g - a +0 robe
 j - a +0 robe
Jewellery
 h - a ring of wizardry (left hand)
Scrolls
 r - 2 scrolls of magic mapping
 v - a scroll of fear {unknown}
 C - 3 scrolls of teleportation {unknown}
Potions
 l - a potion of flight
 t - 2 potions of curing {unknown}
 z - 2 potions of degeneration {unknown}
 A - a potion of mutation {unknown}
Comestibles
 f - a ration


   Skills:
 + Level 2.1 Fighting
 + Level 3.4(3.5) Axes
 + Level 0.3(2.1) Maces & Flails
 + Level 0.7(2.2) Polearms
 + Level 2.5 Throwing
 + Level 0.1 Armour
 + Level 2.7 Dodging
 + Level 0.1 Stealth


You had 3 spell levels left.
You didn't know any spells.
Your spell library was empty.

Dungeon Overview and Level Annotations

Branches:
Dungeon (2/15)

Altars:


Innate Abilities, Weirdness & Mutations

You have hooves in place of feet.
Armour fits poorly on your strangely shaped body.
You cover ground very quickly.
You have extremely tough skin. (AC +3)


Message History

You throw a throwing net. The throwing net misses the adder.
* * * LOW HITPOINT WARNING * * *
You feel sick. The adder bites you but does no damage.
Throwing (i - inventory)
m - 30 stones (quivered)
Press: ? - help, Shift-Dir - straight line, f/p - adder
Aim: an adder (moderately wounded)
You throw a stone. The stone hits the adder.
The adder is severely wounded.
The adder barely misses you. The adder closely misses you.
You barely miss the adder. Your kick misses the adder.
The adder is severely wounded.
* * * LOW HITPOINT WARNING * * *
You feel sick. The adder bites you but does no damage.
You hit the adder but do no damage. Your kick misses the adder.
The adder is severely wounded.
The adder bites you but does no damage.
You barely miss the adder.
The adder is heavily wounded.
The adder barely misses you. The adder bites you.
You die...

#...###...#### #
#.......### #.
#######.#
#..#####...#
.....#..######
#....†....#
##...........
##.##............
#(..S@.........##
#....#.........#
#....######.#%##
#.... ..... #####
..... ...


You could see an adder.

Vanquished Creatures
  Robin (D:2)
  An adder (D:2)
  3 dart slugs
  A leopard gecko (D:1)
  4 bats
  A giant cockroach (D:1)
  17 goblins
  3 hobgoblins
  4 jackals (D:1)
  2 kobolds
  A quokka (D:2)
  A frilled lizard (D:1)
  3 rats
42 creatures vanquished.

Notes
Turn   | Place    | Note
-------+----------+-------------------------------------------
     0 | D:1      | d3adstar the Centaur Gladiator began the quest for the Orb.
     0 | D:1      | Reached XP level 1. HP: 17/17 MP: 1/1
    93 | D:1      | Reached XP level 2. HP: 18/24 MP: 2/2
   208 | D:1      | Reached skill level 3 in Axes
   404 | D:1      | Reached XP level 3. HP: 29/29 MP: 3/3
   649 | D:2      | Noticed Robin
   674 | D:2      | Killed Robin
   689 | D:2      | Reached XP level 4. HP: 17/36 MP: 4/4
   748 | D:2      | Slain by an adder

Skill      XL: |  1  2 |
---------------+-------+-----
Axes           | 3 |  3.4
Fighting       | |  2.1
Maces & Flails | |  0.3
Polearms       | |  0.7
Throwing       | |  2.5
Armour         | |  0.1
Dodging        | |  2.7
Stealth        | |  0.1

Action                   |  1- 3 |  4- 6 || total
-------------------------+-------+-------++-------
Melee: War axe           |    15 |       ||    15
       Kick              |    18 |     5 ||    23
       Spear             |    15 |       ||    15
       Whip              |    62 |    19 ||    81
Throw: Throwing net      |     8 |     1 ||     9
       Stone             |       |     1 ||     1
  Use: Potion            |     1 |       ||     1
       Scroll            |     3 |       ||     3
 Stab: Held in net/web   |     1 |       ||     1
Armor: Leather armour    |     5 |       ||     5
       Scale mail        |    39 |    10 ||    49
Dodge: Dodged            |    41 |     5 ||    46
